 Dungeon Crawl Stone Soup version 0.31.0-11-ge490571c62 (webtiles) character file.

Game seed: 15398269355531134634

728 qw the Skirmisher (level 7, -12/40 HPs)
             Began as a Deep Elf Hunter on Feb 4, 2024.
             Was a Follower of Okawaru.
             Mangled by a gnoll sergeant
             ... wielding a +0 trident
              (13 damage)
             ... on level 5 of the Dungeon.
             The game lasted 00:00:27 (4030 turns).

qw the Skirmisher (Deep Elf Hunter)                 Turns: 4030, Time: 00:00:28

Health: -12/40     AC:  6    Str: 10    XL:     7   Next: 44%
Magic:  9/9        EV: 12    Int: 14    God:    Okawaru [*.....]
Gold:   285        SH:  0    Dex: 18    Spells: 6/6 levels left

rFire   . . .        a - +4 shortbow
rCold   . . .        (shield currently unavailable)
rNeg    . . .        e - +0 ring mail
rPois   .            (helmet restricted)
rElec   .            (no cloak)
rCorr   .            f - +0 pair of gloves
SInv    .            (no boots)
Will    .....        (no amulet)
Stlth   +            (no ring)
HPRegen 0.26/turn    (no ring)
MPRegen 0.11/turn

%: no passive effects
@: no status effects
A: horns 2, wild magic 1
a: Renounce Religion, Heroism


You were on level 5 of the Dungeon.
You worshipped Okawaru.
Okawaru was aware of your devotion.
You visited 2 branches of the dungeon, and saw 6 of its levels.

You collected 285 gold pieces.


Innate Abilities, Weirdness & Mutations

You have a pair of horns on your head.
Your spells are a little harder to cast, but a little more powerful.


   Skills:
 - Level 2.0 Fighting
 + Level 10.1 Ranged Weapons
 - Level 2.9 Armour
 - Level 3.7 Dodging
 - Level 1.2 Stealth
 + Level 1.0 Invocations


You had 6 spell levels left.
You didn't know any spells.
Your spell library was empty.

Inventory:

Hand Weapons
 a - a +4 shortbow (weapon)
Armour
 e - a +0 ring mail (worn)
 f - a +0 pair of gloves (worn)
Wands
 c - a wand of polymorph (12)
Scrolls
 g - a scroll of identify
Potions
 b - a potion of curing
 d - a potion of enlightenment {unknown}

Dungeon Overview and Level Annotations

Branches:
Dungeon (5/15)             Temple (1/1) D:4

Altars:
Ashenzari
Cheibriados
Dithmenos
Elyvilon
Fedhas
Gozag
Hepliaklqana
Nemelex Xobeh
Okawaru
Ru
Trog
Uskayaw
Vehumet
Wu Jian
Xom
Yredelemnul
Zin
The Shining One

Annotations:
D:3 3 runed translucent doors, qw's ghost, amateur DEHu


Message History

HP restored.
d - a dark potion
Things that are here:
a +0 halberd; a gnoll corpse You see here a +0 leather armour.
g - a scroll of identify
Found a snail-covered altar of Cheibriados.
Found a sacrificial altar of Ru.
Found an opulent altar of Gozag.
A gnoll sergeant is nearby!
You shoot an arrow. The arrow hits the gnoll sergeant.
The gnoll sergeant is severely wounded.
You shoot an arrow. The arrow hits the gnoll sergeant.
The gnoll sergeant is severely wounded.
You shoot an arrow.
The arrow hits the gnoll sergeant but does no damage.
The gnoll sergeant is severely wounded.
You shoot an arrow.
The arrow barely misses the gnoll sergeant.
The gnoll sergeant hits you from afar with a +0 trident!
You shoot an arrow.
The arrow hits the gnoll sergeant but does no damage.
The gnoll sergeant is severely wounded.
The gnoll sergeant hits you from afar with a +0 trident.
You shoot an arrow. The arrow hits the gnoll sergeant.
The gnoll sergeant is severely wounded.
The gnoll sergeant barely misses you.
You shoot an arrow.
The arrow completely misses the gnoll sergeant.
The gnoll sergeant hits you from afar with a +0 trident!
You shoot an arrow. The arrow hits the gnoll sergeant.
The gnoll sergeant is almost dead.
The gnoll sergeant hits you from afar with a +0 trident.
You shoot an arrow.
The arrow barely misses the gnoll sergeant.
The gnoll sergeant hits you from afar with a +0 trident.
You shoot an arrow.
The arrow barely misses the gnoll sergeant.
The gnoll sergeant hits you from afar with a +0 trident!
You die...

#..#.#.# #.#
....##.#.#
#.# ..####
#.#.# #.#
#.#.# #.#
#.#.# #.##
#.#.# ....
#.# .....
#.####.._8_.
#...@.g.._..
#######.....
.##


You could see a gnoll sergeant.

Vanquished Creatures
  Grinder (D:3)
  An ice beast (D:5)
  A black bear (D:4)
  A scorpion (D:5)
  A hound (D:4)
  An iguana (D:4)
  An orc wizard (D:4)
  5 gnolls (D:5)
  4 adders (D:2)
  An adder zombie (D:3)
  2 ribbon worms
  6 dart slugs
  11 orcs
  3 ball pythons
  5 bats
  6 endoplasms
  A giant cockroach (D:4)
  8 goblins
  7 hobgoblins
  8 jackals
  6 kobolds
  5 quokkas
  9 frilled lizards
  A quokka zombie (D:3)
  6 rats
101 creatures vanquished.

Notes
Turn   | Place    | Note
-------+----------+-------------------------------------------
     0 | D:1      | qw the Deep Elf Hunter began the quest for the Orb.
     0 | D:1      | Reached XP level 1. HP: 12/12 MP: 3/3
     0 | D:1      | 0 ||| qw: Version: 0.3-a-160-g6735b56
     0 | D:1      | 0 ||| qw: Game counter: 5463
     0 | D:1      | 0 ||| qw: Melee chars always use a shield: true
     0 | D:1      | 0 ||| qw: God list: Okawaru
     0 | D:1      | 0 ||| qw: Allow faded altars: false
     0 | D:1      | 0 ||| qw: Do Orc after clearing Dungeon:15 true
     0 | D:1      | 0 ||| qw: Do second Lair branch before Depths: true
     0 | D:1      | 0 ||| qw: Lair rune preference: random
     0 | D:1      | 0 ||| qw: Goals: Normal
     0 | D:1      | 0 ||| PLANNING D:1-11
   149 | D:1      | Reached XP level 2. HP: 16/16 MP: 4/4
   162 | D:1      | Reached skill level 6 in Ranged Weapons
   341 | D:1      | 341 ||| READING 2 scrolls labelled ETHIWO JOPE.
   341 | D:1      | 341 ||| IDENTIFYING sedimented inky potion
   342 | D:1      | 342 ||| READING scroll of identify.
   342 | D:1      | 342 ||| IDENTIFYING bubbling orange potion
   343 | D:1      | 343 ||| DRINKING 2 fizzy silvery potions.
   344 | D:1      | 344 ||| DROPPING scroll of butterflies.
   345 | D:1      | 345 ||| DROPPING potion of degeneration.
   346 | D:1      | 346 ||| DROPPING potion of invisibility.
   373 | D:2      | HP: 4/16 [poisoned by an adder]
   374 | D:2      | 374 ||| DRINKING potion of heal wounds.
   417 | D:2      | Reached XP level 3. HP: 20/20 MP: 5/5
   482 | D:2      | Reached skill level 7 in Ranged Weapons
   617 | D:2      | Reached XP level 4. HP: 25/25 MP: 6/6
   650 | D:2      | You fall into a shaft and drop 2 floors!
   688 | D:4      | HP: 6/25 [something/magic dart (9)]
   692 | D:4      | HP: 1/25 [something (3)]
   695 | D:4      | Reached skill level 8 in Ranged Weapons
   695 | D:4      | 695 ||| DRINKING cyan potion.
   695 | D:4      | Gained mutation: You are occasionally teleported next to
                  | monsters. [potion of mutation]
   695 | D:4      | Gained mutation: Potions are less effective at restoring
                  | your health. [potion of mutation]
   695 | D:4      | Gained mutation: You possess an exceptional clarity of
                  | mind. [potion of mutation]
   696 | D:4      | 696 ||| DRINKING grey potion.
   810 | D:4      | Noticed a black bear
   822 | D:4      | Killed a black bear
   823 | D:4      | Reached skill level 9 in Ranged Weapons
   823 | D:4      | Reached XP level 5. HP: 18/29 MP: 7/7
   876 | D:4      | 876 ||| DRINKING 2 potions of mutation.
   876 | D:4      | Lost mutation: Potions are less effective at restoring your
                  | health. [potion of mutation]
   876 | D:4      | Lost mutation: You possess an exceptional clarity of mind.
                  | [potion of mutation]
   876 | D:4      | Gained mutation: Your health recovers twice as slowly from
                  | being drained. [potion of mutation]
   876 | D:4      | Gained mutation: You have a pair of small horns on your
                  | head. [potion of mutation]
   877 | D:4      | 877 ||| DRINKING potion of mutation.
   877 | D:4      | Lost mutation: Your health recovers twice as slowly from
                  | being drained. [potion of mutation]
   877 | D:4      | Lost mutation: You are occasionally teleported next to
                  | monsters. [potion of mutation]
   877 | D:4      | Gained mutation: You have a pair of horns on your head.
                  | [potion of mutation]
   877 | D:4      | Gained mutation: Your spells are a little harder to cast,
                  | but a little more powerful. [potion of mutation]
   877 | D:4      | Gained mutation: You are weak. (Str -2) [potion of
                  | mutation]
   877 | D:4      | Lost mutation: You are weak. (Str -2) [potion of mutation]
  1019 | D:4      | Found a staircase to the Ecumenical Temple.
  1020 | D:4      | 1020 ||| PLANNING TEMPLE
  1020 | D:4      | 1020 ||| UPGRADING to +0 scale mail.
  1030 | D:4      | 1030 ||| DROPPING +0 leather armour.
  1031 | D:4      | 1031 ||| READING 2 scrolls of identify.
  1031 | D:4      | 1031 ||| IDENTIFYING scroll labelled TUOSETT FO TATURO
  1032 | D:4      | 1032 ||| READING scroll of identify.
  1032 | D:4      | 1032 ||| IDENTIFYING scroll labelled JENOSU QAAMAN
  1033 | D:4      | 1033 ||| READING scroll of enchant weapon.
  1033 | D:4      | 1033 ||| ENCHANTING +0 shortbow.
  1034 | D:4      | 1034 ||| READING scroll labelled XOISOYS YHAR.
  1035 | D:4      | 1035 ||| READING scroll labelled YMYCZOSCHIA.
  1036 | D:4      | 1036 ||| DROPPING scroll of vulnerability.
  1038 | D:4      | 1038 ||| Stepping ~*~*~tactically~*~*~ (cloud).
  1137 | Temple   | Entered the Ecumenical Temple
  1138 | Temple   | 1138 ||| PLANNING OKAWARU WORSHIP
  1146 | Temple   | Became a worshipper of Warmaster Okawaru
  1147 | Temple   | 1147 ||| PLANNING D:1-11
  1190 | D:3      | Found a hide-covered altar of Uskayaw.
  1382 | D:2      | Found a faded altar of an unknown god.
  1578 | D:3      | Found a runed translucent gate.
  1578 | D:3      | Found a runed translucent gate.
  1578 | D:3      | Found a runed translucent gate.
  1578 | D:3      | Noticed qw's ghost (amateur DEHu)
  1581 | D:3      | Found a basalt altar of Yredelemnul.
  1626 | D:3      | 1626 ||| FLEEEEING.
  1627 | D:3      | 1627 ||| FLEEEEING.
  1628 | D:3      | 1628 ||| FLEEEEING.
  1681 | D:3      | Noticed Grinder
  1688 | D:3      | 1688 ||| FLEEEEING.
  1690 | D:3      | 1690 ||| FLEEEEING.
  1692 | D:3      | 1692 ||| FLEEEEING.
  1693 | D:3      | 1693 ||| FLEEEEING.
  1695 | D:3      | 1695 ||| FLEEEEING.
  1696 | D:3      | 1696 ||| FLEEEEING.
  1697 | D:3      | 1697 ||| FLEEEEING.
  1703 | D:3      | HP: 5/30 [Grinder (6)]
  1704 | D:3      | 1704 ||| DRINKING potion of heal wounds.
  1708 | D:3      | Paralysed by Grinder for 4 turns
  1709 | D:3      | HP: 4/30 [Grinder (5)]
  1715 | D:3      | 1715 ||| FLEEEEING.
  1717 | D:3      | 1717 ||| FLEEEEING.
  1720 | D:3      | Killed Grinder
  1721 | D:3      | Reached XP level 6. HP: 9/35 MP: 8/8
  1977 | D:3      | Found an ornate altar of the Wu Jian Council.
  2814 | D:3      | 2814 ||| UPGRADING to +0 ring mail.
  2824 | D:3      | 2824 ||| DROPPING +0 scale mail.
  2825 | D:3      | 2825 ||| UPGRADING to +0 pair of gloves.
  2830 | D:3      | 2830 ||| READING scroll of identify.
  2830 | D:3      | 2830 ||| IDENTIFYING metallic white potion
  2831 | D:3      | 2831 ||| READING scroll labelled YCZASK CUIMM.
  2832 | D:3      | 2832 ||| READING scroll labelled WATSYGG TEUROZ.
  2985 | D:4      | Found a shadowy altar of Dithmenos.
  3388 | D:4      | Reached XP level 7. HP: 30/40 MP: 9/9
  3672 | D:4      | 3672 ||| READING scroll of identify.
  3672 | D:4      | 3672 ||| IDENTIFYING fizzy amethyst potion
  3673 | D:4      | 3673 ||| READING scroll labelled IKAG GOAGANE.
  3674 | D:4      | 3674 ||| DROPPING potion of berserk rage.
  3710 | D:5      | Entered Level 5 of the Dungeon
  3728 | D:5      | 3728 ||| READING 3 scrolls of enchant weapon.
  3728 | D:5      | 3728 ||| ENCHANTING +1 shortbow.
  3729 | D:5      | 3729 ||| READING 2 scrolls of enchant weapon.
  3729 | D:5      | 3729 ||| ENCHANTING +2 shortbow.
  3730 | D:5      | 3730 ||| READING scroll of enchant weapon.
  3730 | D:5      | 3730 ||| ENCHANTING +3 shortbow.
  3742 | D:5      | Reached skill level 10 in Ranged Weapons
  3754 | D:5      | Reached * piety under Okawaru
  3755 | D:5      | Reached skill level 3 in Dodging
  3772 | D:5      | HP: 8/40 [gnoll sergeant/+0 trident (8)]
  3773 | D:5      | 3773 ||| READING scroll of teleportation.
  3931 | D:5      | Reached skill level 1 in Invocations
  4017 | D:5      | Found a snail-covered altar of Cheibriados.
  4018 | D:5      | Found a sacrificial altar of Ru.
  4019 | D:5      | Found an opulent altar of Gozag.
  4028 | D:5      | HP: 7/40 [gnoll sergeant/+0 trident (6)]
  4029 | D:5      | HP: 1/40 [gnoll sergeant/+0 trident (6)]
  4030 | D:5      | Mangled by a gnoll sergeant

Levels and vault maps discovered:
D:1:      ncdulo_watergridlock, layout_rooms
D:2:      layout_rooms, basic_ecumenical_altar, serial_aquarium,
          aquarium_bridge_island_small [aquarium_subvault_small_open,
          aquarium_subvault_bridge, aquarium_subvault_bridge,
          aquarium_subvault_window, aquarium_subvault_bridge],
          aquarium_bridge_straight [aquarium_subvault_bridge,
          aquarium_subvault_balcony, aquarium_subvault_bridge,
          aquarium_subvault_window], aquarium_window_1, aquarium_window_corner,
          aquarium_window_2, aquarium_window_corner, aquarium_view_2c,
          aquarium_view_2d
D:3:      minmay_inner_zag, layout_loops_corners, mainiacjoe_overflow_boulevard,
          nicolae_yredelemnul_ghost_church, eat_drink_and_be_merry_uskayaw,
          uniq_grinder
D:4:      layout_loops_corners, grunt_dithmenos_smoke_and_mirrors,
          minmay_temple_entry_gardened_gates
D:5:      layout_basic, chequers_temple_overflow_statue_of_worship
Temple:   nicolae_temple_ecumenical_triangle

Skill      XL: |  1  2  3  4  5  6  7 |
---------------+----------------------+-----
Ranged Weapons | 6 7 9 10 | 10.1
Fighting       | 2 |  2.0
Armour         | 2 |  2.9
Dodging        | 3 |  3.7
Invocations    | 1 |  1.0
Stealth        | |  1.2

Action                     |  1- 3 |  4- 6 |  7- 9 || total
---------------------------+-------+-------+-------++-------
   Fire: Shortbow          |    72 |   212 |    55 ||   339
    Use: Potion            |     2 |     5 |       ||     7
         Scroll            |     2 |     8 |     6 ||    16
 Armour: Leather armour    |    13 |    19 |       ||    32
         Scale mail        |       |    46 |       ||    46
         Ring mail         |       |    21 |    16 ||    37
  Dodge: Dodged            |    14 |    42 |    12 ||    68

Table legend:
 A = Non-vault XP
 B = Vault XP
 C = Vault XP percentage of total XP
 D = Non-vault monster count
 E = Vault monster count
 F = Vault count percentage of total count
                 A         B        C        D         E       F
            +---------+---------+-------+---------+---------+-------
      Total |     747 |     293 |  28.2 |      93 |       8 |   7.9
            +---------+---------+-------+---------+---------+-------
        D:1 |      23 |       0 |   0.0 |      16 |       0 |   0.0
        D:2 |     111 |       0 |   0.0 |      29 |       0 |   0.0
        D:3 |      44 |     293 |  86.9 |      23 |       8 |  25.8
        D:4 |     281 |       0 |   0.0 |      18 |       0 |   0.0
        D:5 |     288 |       0 |   0.0 |       7 |       0 |   0.0
            +---------+---------+-------+---------+---------+-------
